 Dungeon Crawl Stone Soup version 0.17-a0-1564-g7b572aa (webtiles) character file.

25 Duffy the Charmwright (level 3, 18/18 HPs)
             Began as a Vine Stalker Skald on July 21, 2015.
             Quit the game on level 1 of the Dungeon.
             The game lasted 00:01:13 (682 turns).

Duffy the Charmwright (Vine Stalker Skald)           Turns: 682, Time: 00:01:14

Health: 18/18      AC:  3    Str: 12    XL:     3   Next: 4%
Magic:  7/7        EV: 11    Int: 13    God:
Gold:   19         SH:  0    Dex: 13    Spells: 1 memorised, 6 levels left

rFire  . . .     SeeInvis .     a - +0 falchion
rCold  . . .     Clarity  .     b - +0 leather armour
rNeg   . . .     SustAt   .     (no shield)
rPois  .         Gourm    .     (no helmet)
rElec  .         Spirit   +     (no cloak)
rCorr  .         Warding  .     (no gloves)
rMut   .         Stasis   .     (no boots)
MR     .....                    (no amulet)
Stlth  +.........               q - -2 ring of strength (curse)
                                i - ring of wizardry

@: not resistant to hostile enchantments, very unstealthy
A: fangs 2, regeneration 1, magic shield, antimagic bite, no device heal 3, rot
immunity
a: no special abilities


You were on level 1 of the Dungeon.
You were not hungry.

You visited 1 branch of the dungeon, and saw 1 of its levels.

You collected 19 gold pieces.


Innate Abilities, Weirdness & Mutations

You have extremely sharp teeth.
Your natural rate of healing is unusually fast.
When hurt, damage is shared between your health and your magic reserves.
Your bite disrupts and absorbs the magic of your enemies.
Potions and wands cannot restore your health.
You are immune to rotting.


   Skills:
 + Level 2.0 Fighting
 * Level 2.5 Long Blades
 - Level 0.7 Armour
 - Level 0.7 Dodging
 + Level 2.6 Spellcasting
 - Level 3.0 Charms


You had 6 spell levels left.
You knew the following spells:

 Your Spells              Type           Power        Failure   Level  Hunger
a - Infusion              Chrm           #.....       4%          1    #......

Inventory:

Hand weapons
 a - a +0 falchion (weapon)
Missiles
 e - 80 stones (quivered)
 j - 21 bolts
Armour
 b - a +0 leather armour (worn)
Jewellery
 i - a ring of wizardry (left hand)
 q - a cursed -2 ring of strength (right hand)
Scrolls
 g - 4 scrolls of identify {unknown}
 h - a scroll of teleportation {unknown}
 k - 2 scrolls of blinking {unknown}
 o - a scroll of noise {unknown}
Potions
 f - a potion of flight {unknown}
 m - a potion of invisibility {unknown}
 n - a potion of heal wounds {unknown}
Books
 c - a book of Battle
Comestibles
 d - a bread ration
 l - a slice of pizza
 p - a beef jerky

Dungeon Overview and Level Annotations

Branches:
Dungeon (1/15)

Altars:


Message History

You barely miss the giant newt. Your bite misses the giant newt.
The giant newt bites you but does no damage.
You miss the giant newt. Your bite misses the giant newt.
The giant newt bites you but does no damage.
You hit the giant newt. You bite the giant newt. You drain its power.
You feel invigorated.
You kill the giant newt!
No target in view!
There is a stone staircase leading down here.
m - a sedimented dark potion
n - a sedimented pink potion
o - a scroll labeled GAMINI MULUACAGAY
k - 2 scrolls labeled XUBRIBL DIERUY (gained 1)
e - 35 stones (gained 21)
p - a beef jerky
g - 4 scrolls labeled AKUNGI EREISYW (gained 1)
e - 52 stones (gained 17)
You see here a centaur barding.
e - 80 stones (gained 28)
You now have 19 gold pieces (gained 8).
You open the door.
There is an open door here.
q - a blackened ivory ring
There is a stone staircase leading down here.
There is a stone staircase leading down here.
Things that are here:
a club; a goblin skeleton Done exploring.
Put on which piece of jewellery? (? for menu, Esc to quit)
You feel weaker.
Oops, that ring feels deathly cold.
q - a cursed -2 ring of strength (right hand) Done exploring.
Done exploring.
Are you sure you want to abandon this character and quit the game? (Confirm with "yes".)

.#'###..#####.#...##.####.##### #
.##..#..#####+#...##..........# #
.#'#'#####....................# #
...##..# #........#..#.##.....#
.#+#'#+###....................#
.##..#..<#.................##+###
.#'#+#'###........#..#.###......#
...##..# #......................+
.#+#'### #......@###............#
.##..# #.......# ###.##.......#
†#'### #.......# #.....##+###
...# #.......# #..#........ ####
######### #.......####
#........... #.###.......
####.###.##.... #........##....


There were no monsters in sight!

Action                   || total
-------------------------++-------
Melee: Falchion          ||    60

Notes
Turn   | Place    | Note
--------------------------------------------------------------
     0 | D:1      | Duffy the Vine Stalker Skald began the quest for the Orb.
     0 | D:1      | Reached XP level 1. HP: 11/11 MP: 4/4
    15 | D:1      | Reached skill level 2 in Long Blades
    90 | D:1      | Reached XP level 2. HP: 13/15 MP: 3/6
   369 | D:1      | Reached skill level 2 in Fighting
   375 | D:1      | Reached XP level 3. HP: 16/18 MP: 7/7
   682 | D:1      | Quit the game

Vault maps used:
D:1:      erik_arrival_triangle_medium

Vanquished Creatures
  A gnoll
  A giant gecko
  A giant cockroach
  2 goblins
  A hobgoblin
  5 kobolds
  A bat
  2 giant newts
  A rat
15 creatures vanquished.
